 Dungeon Crawl Stone Soup version 0.18-a0-1225-g5d63bca (webtiles) character file.

8775 abixa the Prestidigitator (level 11, -13/83 HPs)
             Began as a Human Gladiator on Feb 3, 2016.
             Was an Elder of Okawaru.
             Shot with a sling bullet by Joseph (18 damage)
             ... on level 7 of the Dungeon.
             The game lasted 00:43:37 (12626 turns).

abixa the Prestidigitator (Human Gladiator)        Turns: 12626, Time: 00:43:37

Health: -13/83     AC:  9    Str: 19    XL:     11   Next: 62%
Magic:  19/19      EV: 13    Int: 10    God:    Okawaru [****..]
Gold:   495        SH:  5    Dex: 16    Spells: 0 memorised, 10 levels left

rFire  . . .     SeeInvis .     b - +9 spear of Metufo {venom, Str+4}
rCold  . . .     Gourm    .     e - +0 ring mail
rNeg   . . .     Faith    .     R - +2 buckler
rPois  .         Spirit   .     c - +0 helmet
rElec  .         Dismiss  .     B - +2 cloak
rCorr  .         Reflect  .     (no gloves)
SustAt .         Harm     .     (no boots)
MR     .....                    (no amulet)
Stlth  +.........               (no ring)
                                (no ring)

@: not resistant to hostile enchantments, very unstealthy
A: no striking features
a: Heroism, Renounce Religion


You were on level 7 of the Dungeon.
You worshipped Okawaru.
Okawaru was greatly pleased with you.
You were not hungry.

You visited 3 branches of the dungeon, and saw 12 of its levels.
You also visited: Ossuary.

You collected 495 gold pieces.

Inventory:

Hand Weapons
 a - a +1 scimitar of freezing
 b - the +9 spear of Metufo (weapon) {venom, Str+4}
   (You found it on level 8 of the Dungeon)

   It poisons the flesh of those it strikes.
   It affects your strength (+4).
 q - a +2 short sword of venom
Missiles
 d - 3 throwing nets
 l - 16 tomahawks (quivered)
 o - 17 poisoned needles
Armour
 c - a +0 helmet (worn)
 e - a +0 ring mail (worn)
 w - a +2 robe of positive energy
 y - a +0 robe of magic resistance
 z - a +1 robe
 B - a +2 cloak (worn)
 R - a +2 buckler (worn)
 T - a +1 robe
Wands
 n - a wand of flame (20/48)
 p - a wand of confusion (2/48)
 r - a wand of confusion (22/48)
 D - a wand of polymorph (15/24)
Scrolls
 h - a scroll of immolation {unknown}
 j - a scroll of holy word {unknown}
 m - 3 scrolls of teleportation
 t - 5 scrolls of magic mapping
 A - 2 scrolls of fear {unknown}
 I - 2 scrolls of summoning
 J - a scroll of enchant armour {unknown}
 K - a scroll of fog
 P - a scroll of random uselessness {unknown}
 Q - 4 scrolls of remove curse
 V - a scroll of torment {unknown}
 X - a scroll of enchant weapon {unknown}
 Y - 6 scrolls of identify
Potions
 g - 2 potions of haste
 i - 7 potions of curing
 k - 2 potions of magic {unknown}
 u - a potion of might {unknown}
 C - a potion of mutation {unknown}
 E - a potion of cancellation {unknown}
 F - 3 potions of agility {unknown}
 G - 2 potions of flight
 L - 2 potions of berserk rage
 N - 2 potions of lignification {unknown}
 W - a potion of ambrosia {unknown}
Miscellaneous
 U - a plain deck of summoning
Comestibles
 f - 4 bread rations
 S - 5 fruits


   Skills:
 + Level 6.4 Fighting
 - Level 11.0 Long Blades
 - Level 2.0 Throwing
 + Level 4.9 Dodging
 + Level 11.4 Evocations


You had 10 spell levels left.
You didn't know any spells.

Dungeon Overview and Level Annotations

Branches:
Dungeon (10/15)            Temple (1/1) D:6            Lair (1/8) D:10
    Orc: D:9-12

Altars:
Ashenzari
Cheibriados
Dithmenos
Elyvilon
Fedhas
Gozag
Kikubaaqudgha
Makhleb
Nemelex Xobeh
Okawaru
Pakellas
Qazlal
Ru
Sif Muna
Trog
Vehumet
Xom
Yredelemnul
Zin
The Shining One

Shops:
D:4 :   D:8 [   D:9 =

Annotations:
D:7 Joseph
D:9 1 exclusion, Uberwunderbarhen's ghost, novice OpTm


Message History

You see here a large rock.
Joseph shoots a sling bullet.
The sling bullet hits you!
You see here a sling bullet.
Drink which item? (? for menu, Esc to quit)
Okay, then.
Drink which item? (? for menu, Esc to quit)
You feel better.
Joseph shoots a sling bullet.
The sling bullet hits you.
The cyclops throws a large rock.
The large rock hits you!!!
* * * LOW HITPOINT WARNING * * *
You see here a large rock.
You hear some strange, mumbled words.
Something tries to affect you, but you resist.
Read which item? (? for menu, Esc to quit)
As you read the scroll of summoning, it crumbles to dust.
Wisps of shadow whirl around you...
Joseph shoots a sling bullet.
The sling bullet hits your adder!!
Your adder dies!
Your adder's corpse dissolves into shadows!
You swap places.
Joseph shoots a sling bullet.
The sling bullet hits you!!
You die...

.................................
##..##..#######...#.#..####.##...
...##.................####.##..#
.................................
##...#............#..............
##.#.#..####.##...#......##.#....
.........................##.#....
##.#.#..#.##.##o..#...#..##.#...#
........#.##.##.@o#..##..........
...............o..o..##...#[#...#
##..#...#.##(##(..#..............
...........((....................
......<....(......#...#...#.##.##
#......C....(..................#
........###..@............#.#..#
#......## #...#..................
#......# #...#.###...#.....#..##


You could see Joseph, a friendly orc warrior and 3 friendly orcs.

Vanquished Creatures
  Pikel (D:6)
  A hill giant (D:10)
  2 spiny frogs
  A hell hound (D:6)
  A troll (D:10)
  Grinder (D:6)
  2 two-headed ogres (D:8)
  12 yaks (D:10)
  A soldier ant (D:5)
  2 water moccasins
  A porcupine (Lair:1)
  A slave (D:6)
  An ice beast (D:10)
  2 orc warriors
  5 phantoms
  A wasp (D:9)
  6 ogres
  A centaur (D:5)
  Blork the orc (D:6)
  7 giant frogs
  A scorpion (D:6)
  4 killer bees (D:9)
  3 wights (D:9)
  3 spriggan skeletons (D:9)
  A troll skeleton (D:9)
  A wasp zombie (D:9)
  3 crimson imps
  3 hounds
  Crazy Yiuf (D:3)
  3 orc priests
  12 orc wizards
  3 centaur skeletons
  Jessica (D:3)
  8 worker ants
  4 iguanas
  15 mummies
  3 gnolls (D:8)
  7 adders
  5 shadow imps
  2 oozes
  2 adder zombies
  2 adder skeletons (D:8)
  3 worms
  4 giant geckos
  38 orcs
  6 bats
  8 giant cockroaches
  6 goblins
  10 hobgoblins
  5 jackals
  8 kobolds
  2 quokkas
  3 ball pythons
  7 giant newts
  3 gnoll skeletons (Ossuary)
  3 goblin skeletons (Ossuary)
  A jackal skeleton (D:5)
  A kobold skeleton (Ossuary)
  An orc skeleton (Ossuary)
  2 quokka skeletons
  A rat (D:1)
  11 rat skeletons (Ossuary)
260 creatures vanquished.

Vanquished Creatures (others)
  3 slaves (D:6)
  5 toadstools (D:1)
8 creatures vanquished.

Grand Total: 268 creatures vanquished

Notes
Turn   | Place    | Note
--------------------------------------------------------------
     0 | D:1      | abixa the Human Gladiator began the quest for the Orb.
     0 | D:1      | Reached XP level 1. HP: 16/16 MP: 1/1
   202 | D:1      | Reached XP level 2. HP: 22/22 MP: 2/2
   428 | D:1      | Reached skill level 4 in Long Blades
   428 | D:1      | Reached XP level 3. HP: 27/27 MP: 3/3
  1032 | D:2      | Reached XP level 4. HP: 29/34 MP: 4/4
  1653 | D:3      | Reached XP level 5. HP: 35/41 MP: 5/5
  1777 | D:3      | Reached skill level 5 in Long Blades
  1832 | D:3      | Noticed Jessica
  1859 | D:3      | Killed Jessica
  1859 | D:3      | Reached XP level 6. HP: 26/48 MP: 6/6
  2033 | D:3      | Found a bloodstained altar of Trog.
  2197 | D:3      | Noticed Crazy Yiuf
  2218 | D:3      | Killed Crazy Yiuf
  2300 | D:4      | Found a stormy altar of Qazlal.
  2351 | D:4      | Found Tuud's Book Shoppe.
  2402 | D:4      | Found a shattered altar of Ashenzari.
  2402 | D:4      | Found an opulent altar of Gozag.
  2404 | D:4      | Found a burning altar of Makhleb.
  2657 | D:4      | Found a sand-covered staircase.
  2663 | Ossuary  | Entered an ossuary
  2971 | Ossuary  | Reached XP level 7. HP: 42/55 MP: 7/7
  3357 | Ossuary  | Reached skill level 5 in Fighting
  3357 | Ossuary  | Reached skill level 6 in Long Blades
  3979 | D:4      | Found a radiant altar of Vehumet.
  4201 | D:4      | Reached skill level 7 in Long Blades
  4432 | D:5      | Entered Level 5 of the Dungeon
  4437 | D:5      | Found a sacrificial altar of Ru.
  4500 | D:5      | Noticed a water moccasin
  4501 | D:5      | Noticed a soldier ant
  4501 | D:5      | a water moccasin changed into a soldier ant
  4511 | D:5      | Killed a soldier ant
  4511 | D:5      | Reached XP level 8. HP: 59/62 MP: 8/8
  4578 | D:5      | Found a snail-covered altar of Cheibriados.
  4650 | D:5      | Found a shadowy altar of Dithmenos.
  4823 | D:5      | Reached skill level 8 in Long Blades
  5111 | D:6      | Reached skill level 9 in Long Blades
  5624 | D:6      | Noticed Pikel
  5658 | D:6      | Killed Pikel
  5658 | D:6      | Reached skill level 10 in Long Blades
  5658 | D:6      | Reached XP level 9. HP: 62/68 MP: 9/9
  6025 | D:6      | Noticed Blork the orc
  6588 | D:6      | Reached skill level 11 in Long Blades
  6612 | D:6      | Noticed Grinder
  6621 | D:6      | Killed Grinder
  6639 | D:6      | Found a staircase to the Ecumenical Temple.
  6648 | Temple   | Entered the Ecumenical Temple
  6801 | D:6      | Found an iron altar of Okawaru.
  6806 | D:6      | Became a worshipper of Warmaster Okawaru
  7029 | D:7      | Noticed Joseph
  7212 | D:6      | Killed Blork the orc
  7284 | D:7      | Noticed a cyclops
  7327 | D:6      | Killed a hell hound
  7558 | D:6      | Reached skill level 5 in Evocations
  7747 | D:8      | Reached XP level 10. HP: 65/74 MP: 12/14
  7913 | D:8      | Found Zochuhe's Armour Emporium.
  7967 | D:8      | Reached * piety under Okawaru
  8059 | D:8      | Got an ichor-stained spear
  8315 | D:8      | Found an ancient bone altar of Kikubaaqudgha.
  8350 | D:8      | Found a glowing golden altar of the Shining One.
  9154 | D:9      | Reached ** piety under Okawaru
  9784 | D:9      | Noticed Uberwunderbarhen's ghost (novice OpTm)
 10190 | D:9      | Found Ikoachei's Jewellery Emporium.
 10422 | D:10     | Entered Level 10 of the Dungeon
 10458 | D:10     | Identified the +9 spear of Metufo {venom, Str+4} (You found it on level 8 of the Dungeon)
 10525 | D:10     | Noticed a hill giant
 10528 | D:10     | Noticed a hill giant
 10661 | D:10     | Reached skill level 10 in Evocations
 10687 | D:10     | Found a staircase to the Lair.
 10745 | D:10     | Reached XP level 11. HP: 55/79 MP: 18/18
 11106 | D:10     | Reached *** piety under Okawaru
 11322 | D:10     | Killed a hill giant
 11497 | D:10     | Reached **** piety under Okawaru
 11826 | Lair:1   | Entered Level 1 of the Lair of Beasts
 12621 | D:7      | HP: 4/83 [cyclops/large rock (36)]
 12626 | D:7      | Shot with a sling bullet by Joseph

Vault maps used:
D:1:      ldierk_walled_garden
D:3:      lemuel_round_altar, first_bread, glass_columns_c,
          uniq_crazy_yiuf_cottage, uniq_jessica
D:4:      kennysheep_mini_moat, vehumet_altar_wand_db,
          nicolae_overflow_hidden_temple, serial_shops,
          nicolae_shop_temple_entry_statues_fountains,
          nicolae_ossuary_entry_plus
D:5:      slow_altar_1, lemuel_round_altar, nicolae_ru_sacrificial_ziggurat
D:6:      kennysheep_little_box, minmay_temple_entry_statues_pillars,
          uniq_pikel, uniq_grinder, uniq_blork_the_orc
D:7:      uniq_joseph
D:8:      lemuel_doored_altar, nicolae_overflow_crystal_walls, serial_shops,
          nicolae_shop_trees
D:9:      serial_shops, shop, hangedman_tell_no_tales
D:10:     lair_0_dummy
Temple:   minmay_temple_bridge_c_8
Ossuary:  ossuary_due_small_catacomb

Action                   |  1- 3 |  4- 6 |  7- 9 | 10-12 || total
-------------------------+-------+-------+-------+-------++-------
Melee: Long sword        |    89 |    75 |    90 |       ||   254
       Dagger            |    21 |   139 |   238 |   214 ||   612
       Scimitar          |       |       |    25 |   196 ||   221
       Spear             |       |       |       |   118 ||   118
Throw: Stone             |       |    10 |     7 |       ||    17
       Tomahawk          |       |       |     9 |    13 ||    22
Invok: Heroism           |       |       |       |     1 ||     1
Evoke: Wand              |       |       |    12 |     9 ||    21
  Use: Scroll            |       |       |       |    14 ||    14
       Potion            |       |       |       |     1 ||     1
 Stab: Paralysed         |       |       |     2 |       ||     2
       Confused          |       |       |       |     4 ||     4
  Eat: Chunk             |       |     6 |    10 |    17 ||    33
       Fruit             |       |       |     4 |     1 ||     5
       Beef jerky        |       |       |     1 |       ||     1
